[Event "Titled Tuesday Blitz June 1 2021"]
[White "Sargsyan, Anna M."]
[Black "Fier, Alexandr"]
[WhiteFideId "13308130"]
[BlackFideId "2107139"]
[WhiteElo "2558"]
[BlackElo "2733"]
[Result "0-1"]
[Round "07"]
[TimeControl "180+1"]
[Date "2021.06.01"]
[WhiteClock "0:00:02"]
[BlackClock "0:00:15"]

1. d4 Nf6 2. c4 c5 3. Nf3 cxd4 4. Nxd4 Nc6 5. Nc2 b6 6. g3 Bb7 7. Bg2 h5 8. O-O h4 9. Nc3 hxg3 10. hxg3 d6 11. Bg5 Qd7 12. b3 Qg4 13. Bxf6 gxf6 14. e3 Qg6 15. Re1 Qh6 16. Nd5 O-O-O 17. Nd4 Ne5 18. e4 e6 19. Ne3 Qh2+ 20. Kf1 Bh6 21. a4 Bxe3 22. Rxe3 f5 23. a5 fxe4 24. axb6 axb6 25. Nb5 Nf3 26. Rxf3 exf3 27. Bxf3 Bxf3 28. Qxf3 Qh1+ 29. Ke2 Qxf3+ 30. Kxf3 Kb7 31. Ra7+ Kb8 32. Ke2 Rhf8 33. Re7 d5 34. Nd4 Rd6 35. f4 dxc4 36. Nb5 Rc6 37. bxc4 Rxc4 38. Rd7 Rc5 39. Nd4 Rc7 40. Rd6 Kb7 41. Nb5 Rc5 42. Nd4 b5 43. Rd7+ Kb6 44. Rd6+ Ka5 45. Nb3+ Kb4 46. Nxc5 Kxc5 47. Rd7 b4 48. Kd3 Rg8 49. Rxf7 Rxg3+ 50. Kc2 Kd5 51. f5 e5 52. Rb7 Kc5 53. f6 Rf3 54. f7 e4 55. Rc7+ Kd6 56. Rb7 Rf2+ 57. Kd1 Kc5 58. Rc7+ Kd4 0-1


[Site "https://www.chess.com"]

[Event "Titled Tuesday Blitz June 1 2021"]
[White "Seemann, Jakub"]
[Black "Kretov, Evgenij"]
[WhiteFideId "21874697"]
[BlackFideId "4167821"]
[WhiteElo "1793"]
[BlackElo "2381"]
[Result "0-1"]
[Round "07"]
[TimeControl "180+1"]
[Date "2021.06.01"]
[WhiteClock "0:00:02"]
[BlackClock "0:00:30"]

1. e4 c5 2. Nf3 Nc6 3. Bb5 g6 4. O-O Bg7 5. c3 Nf6 6. Re1 O-O 7. d4 cxd4 8. cxd4 d5 9. e5 Ne8 10. Nc3 Nc7 11. Bd3 Rb8 12. Bg5 b5 13. Qd2 Bg4 14. Be2 Bxf3 15. Bxf3 b4 16. Ne2 Ne6 17. Be3 Qd7 18. Bg4 Rfc8 19. Nf4 Ncd8 20. h4 Rc4 21. b3 Rc3 22. h5 a5 23. hxg6 hxg6 24. Nxe6 Nxe6 25. f4 Rbc8 26. f5 Nf8 27. Qe2 gxf5 28. Bh3 Ng6 29. Qh5 e6 30. Bg5 Rd3 31. Rac1 Rxd4 32. Rxc8+ Qxc8 33. Rc1 Qd7 34. Bf6 Nxe5 35. Qg5 Ng6 36. Bxd4 Bxd4+ 37. Kh1 Kg7 38. Rd1 Bf6 39. Qd2 Qd6 40. Qd3 Qf4 41. Rf1 Qh4 42. Qf3 Be5 43. Qf2 Bg3 44. Qe2 Nf4 45. Qf3 Nxh3 0-1


[Site "https://www.chess.com"]

[Event "Titled Tuesday Blitz June 1 2021"]
[White "Shahade, Gregory"]
[Black "Klenburg, Michael"]
[WhiteFideId "2009064"]
[BlackFideId "14102072"]
[WhiteElo "2718"]
[BlackElo "2359"]
[Result "1-0"]
[Round "07"]
[TimeControl "180+1"]
[Date "2021.06.01"]
[WhiteClock "0:00:09"]
[BlackClock "0:00:07"]

1. e4 d6 2. d4 Nf6 3. Nc3 g6 4. Be3 c6 5. Qd2 Nbd7 6. f3 b5 7. g4 Nb6 8. h4 h5 9. g5 Nfd7 10. d5 cxd5 11. Bxb5 Bg7 12. Nxd5 O-O 13. Nxb6 Nxb6 14. Bd4 e5 15. Be3 Be6 16. Ne2 d5 17. Bc5 dxe4 18. Bxf8 Qxf8 19. fxe4 Qc5 20. Bd3 Rd8 21. a3 Bf8 22. O-O-O Rc8 23. Kb1 a5 24. Nc3 Rb8 25. Ka1 Nc4 26. Bxc4 Qxc4 27. Qd3 Qc5 28. Nd5 Bxd5 29. exd5 Bd6 30. c4 a4 31. Rhf1 Rb3 32. Qc2 Qb6 33. Rd3 Bc5 34. Rxb3 axb3 35. Qe4 Bd4 36. Kb1 Qc5 37. Qd3 Qc7 38. Qxb3 Qd7 39. Qd3 Qg4 40. Qf3 Qd7 41. Qf6 Qb7 42. b4 Qa7 43. c5 e4 44. Qxd4 Qxa3 45. Re1 Qb3+ 46. Qb2 Qd3+ 47. Qc2 Qxd5 48. Rxe4 Kh7 49. Re1 Qd4 50. Qb2 Qd3+ 51. Qc2 Qd4 52. Qb3 Kg7 53. Rf1 Qd7 54. Rxf7+ Qxf7 55. Qxf7+ Kxf7 56. Kc2 Ke6 57. Kd3 Kd5 58. Ke3 Kc6 59. Ke4 Kb5 60. Ke5 1-0


[Site "https://www.chess.com"]

[Event "Titled Tuesday Blitz June 1 2021"]
[White "Shahaliyev, Ismayil"]
[Black "Aldokhin, Ivan"]
[WhiteFideId "13406388"]
[BlackFideId "24115720"]
[WhiteElo "2105"]
[BlackElo "2306"]
[Result "1-0"]
[Round "07"]
[TimeControl "180+1"]
[Date "2021.06.01"]
[WhiteClock "0:00:23"]
[BlackClock "0:00:05"]

1. Nf3 Nf6 2. b3 g6 3. Bb2 Bg7 4. e3 O-O 5. g3 d6 6. Bg2 e5 7. O-O Nc6 8. d3 a5 9. a4 Qe7 10. Nc3 d5 11. Nd2 Be6 12. Nb5 h5 13. Ba3 Nb4 14. d4 exd4 15. Nxd4 Bg4 16. Qc1 c5 17. N4f3 Ne4 18. Bb2 Nc3 19. Re1 Bf5 20. e4 dxe4 21. Nh4 Rad8 22. Nxf5 gxf5 23. Nc4 Qe6 24. Bh3 Bh6 25. Ne3 Nbd5 26. Qd2 Qg6 27. Kh1 Rd6 28. Bxc3 Nxe3 29. Qe2 Ng4 30. Rad1 Rfd8 31. Bxg4 Qxg4 32. Qxg4+ hxg4 33. Rxd6 Rxd6 34. Bxa5 Kf8 35. Kg2 Ke7 36. h3 gxh3+ 37. Kxh3 Bd2 38. Bxd2 Rxd2 39. f3 Rxc2 40. fxe4 Kf6 41. Rf1 Ke5 42. Rxf5+ Ke6 43. Rf3 Ra2 44. Kg4 Rb2 45. Kf4 b6 46. Rd3 f6 47. Ke3 Rb1 48. Kf3 Rb2 49. Kf4 Rb1 50. Rf3 Rb2 51. g4 Rb1 52. Rh3 Rf1+ 53. Ke3 Rg1 54. Kf3 Rb1 55. Ke2 Rb2+ 56. Kd1 Ke5 57. Kc1 Re2 58. Rh5+ Kd4 59. Rf5 Kc3 60. Rf3+ Kb4 61. Rxf6 Kxb3 62. Rxb6+ Kc3 63. Kd1 Rxe4 64. a5 Rxg4 65. a6 Rd4+ 66. Ke2 Ra4 67. Ke3 c4 68. Ke4 Kd2 69. Rd6+ Ke2 70. Kd4 Kd2 71. Kc5+ Kc2 72. Kb5 c3 73. Kxa4 Kb2 74. a7 c2 75. Rb6+ Ka1 76. Rc6 c1=Q 77. Rxc1+ Ka2 78. Rc2+ 1-0


[Site "https://www.chess.com"]

[Event "Titled Tuesday Blitz June 1 2021"]
[White "Shapkin, Anatoliy"]
[Black "Ognean, Mihnea-Ionut"]
[WhiteFideId "34108332"]
[BlackFideId "1232347"]
[WhiteElo "2223"]
[BlackElo "2012"]
[Result "1-0"]
[Round "07"]
[TimeControl "180+1"]
[Date "2021.06.01"]
[WhiteClock "0:01:25"]
[BlackClock "0:01:14"]

1. d4 Nf6 2. c4 e6 3. g3 d5 4. Nf3 dxc4 5. Bg2 c5 6. O-O Nc6 7. dxc5 Qxd1 8. Rxd1 Bxc5 9. Nbd2 c3 10. bxc3 O-O 11. Nb3 Be7 12. Nfd4 Nxd4 13. cxd4 Nd5 14. Bb2 Bd7 15. e4 Nb4 16. d5 exd5 17. exd5 Bd6 18. a3 Ba4 19. axb4 Bxb3 20. Rdc1 f6 21. Ra3 a5 22. Rxb3 a4 23. Rd3 Rac8 24. Bh3 Rxc1+ 25. Bxc1 Ra8 26. Ba3 Kf8 27. Rc3 g6 28. Rc8+ Rxc8 29. Bxc8 b6 30. Bd7 Ke7 31. Bxa4 f5 32. f4 Kd8 33. Kf2 Kc7 34. Ke3 Kb7 35. Bb5 Kc7 36. Kd4 1-0


[Site "https://www.chess.com"]

[Event "Titled Tuesday Blitz June 1 2021"]
[White "Shtyka, Sergey"]
[Black "Real De Azua, Ernesto"]
[WhiteFideId "4138465"]
[BlackFideId "108154"]
[WhiteElo "2102"]
[BlackElo "2476"]
[Result "0-1"]
[Round "07"]
[TimeControl "180+1"]
[Date "2021.06.01"]
[WhiteClock "0:00:29"]
[BlackClock "0:00:58"]

1. e4 c5 2. Nf3 e6 3. d4 cxd4 4. Nxd4 Nc6 5. Nc3 a6 6. Be3 Nf6 7. Bd3 Qc7 8. O-O Nxd4 9. Bxd4 Bc5 10. Bxc5 Qxc5 11. Kh1 b5 12. f4 b4 13. e5 bxc3 14. exf6 gxf6 15. bxc3 Bb7 16. Rb1 Bc6 17. Qe2 f5 18. Bxa6 Rg8 19. Rg1 Ke7 20. Bb7 Rxa2 21. Bxc6 Qxc6 22. Rb3 Qe4 23. Qf2 Rxc2 24. Qh4+ Kd6 25. Qf6 Qxg2+ 0-1


[Site "https://www.chess.com"]

[Event "Titled Tuesday Blitz June 1 2021"]
[White "Siva Mahadevan"]
[Black "Goltsev, Dmitry"]
[WhiteFideId "25043153"]
[BlackFideId "24176710"]
[WhiteElo "2203"]
[BlackElo "2366"]
[Result "1/2-1/2"]
[Round "07"]
[TimeControl "180+1"]
[Date "2021.06.01"]
[WhiteClock "0:00:20"]
[BlackClock "0:00:06"]

1. e4 c5 2. Nf3 e6 3. d4 cxd4 4. Nxd4 a6 5. Nc3 Qc7 6. Bd3 Nf6 7. O-O Bc5 8. Nb3 Ba7 9. Qe2 Nc6 10. Be3 Bxe3 11. Qxe3 Ng4 12. Qh3 h5 13. Be2 Nce5 14. f4 Ng6 15. Bxg4 hxg4 16. Qxg4 Rh4 17. Qg3 Rxf4 18. Rfe1 b5 19. Kh1 Bb7 20. Ne2 Rc8 21. Nxf4 Qxf4 22. Qxf4 Nxf4 23. c3 Nd3 24. Re2 Bxe4 25. Kg1 f5 26. Rd1 Ke7 27. a3 g5 28. Red2 Ne5 29. Nd4 Nc4 30. Re2 d5 31. a4 bxa4 32. Ra1 e5 33. Nf3 g4 34. Nd2 Bd3 35. Nxc4 Bxe2 36. Nxe5 Bb5 37. Ng6+ Kd6 38. Nf4 Ke5 39. g3 Rc4 40. Ne2 Re4 41. Nd4 f4 42. gxf4+ Kxf4 43. Kf2 Re8 44. Rd1 Rh8 45. Kg2 Ke4 46. Re1+ Kd3 47. Rd1+ Kc4 48. Nxb5 axb5 49. Rd4+ Kb3 50. Rb4+ Kc2 51. Rxb5 Rd8 52. Kg3 d4 53. cxd4 Rxd4 54. Rb8 Re4 55. Rb7 Rd4 56. Rb8 Rd3+ 57. Kxg4 Rb3 58. Ra8 Rb4+ 59. Kg5 Kxb2 60. h4 Rb5+ 61. Kg6 a3 62. h5 Rb6+ 63. Kg7 a2 64. h6 Rb7+ 65. Kg6 Rb6+ 66. Kg7 Rb7+ 67. Kg6 Kb1 68. Rxa2 Kxa2 69. h7 Rb8 70. Kg7 Kb3 71. h8=Q Rxh8 72. Kxh8 1/2-1/2


[Site "https://www.chess.com"]

[Event "Titled Tuesday Blitz June 1 2021"]
[White "Sonis, Francesco"]
[Black "Kukhmazov, Arsen"]
[WhiteFideId "895733"]
[BlackFideId "24108260"]
[WhiteElo "2373"]
[BlackElo "2453"]
[Result "1-0"]
[Round "07"]
[TimeControl "180+1"]
[Date "2021.06.01"]
[WhiteClock "0:00:51"]
[BlackClock "0:00:03"]

1. d4 d5 2. c4 c6 3. Nf3 Nf6 4. e3 Bg4 5. h3 Bh5 6. Nc3 e6 7. Qb3 Qb6 8. Nh4 Nbd7 9. g4 Bg6 10. Nxg6 hxg6 11. Bg2 g5 12. Qa4 Bb4 13. Bd2 Bxc3 14. Bxc3 Ne4 15. O-O Ndf6 16. f3 Nxc3 17. bxc3 O-O 18. Rab1 Qc7 19. Rf2 b6 20. Ra1 Rfe8 21. Rd1 Rac8 22. e4 e5 23. Re2 dxe4 24. fxe4 c5 25. d5 Red8 26. Qc2 Ne8 27. Qc1 f6 28. Re3 Nd6 29. Bf1 Kf7 30. a4 Rh8 31. Rd2 Ke7 32. Ra2 Rb8 33. Qa1 a5 34. Qb1 Nf7 35. Rd2 Qd6 36. Rb2 Rhd8 37. Rb5 Nh8 38. Re2 Ng6 39. Reb2 Qd7 40. Rxb6 Rxb6 41. Rxb6 Qxa4 42. Re6+ Kf8 43. Qb6 Rc8 44. Rc6 Re8 45. Qxc5+ Kg8 46. Qb5 Qd1 47. Rc7 Rf8 48. Qd7 1-0


[Site "https://www.chess.com"]

[Event "Titled Tuesday Blitz June 1 2021"]
[White "Soto Vega, Jorge"]
[Black "Martin Duque, Jesus"]
[WhiteFideId "3800580"]
[BlackFideId "2208954"]
[WhiteElo "2259"]
[BlackElo "2246"]
[Result "1/2-1/2"]
[Round "07"]
[TimeControl "180+1"]
[Date "2021.06.01"]
[WhiteClock "0:00:47"]
[BlackClock "0:00:06"]

1. e4 c5 2. Nf3 e6 3. d4 cxd4 4. Nxd4 Nc6 5. Nb5 d6 6. Bf4 e5 7. Be3 Be7 8. c4 Nf6 9. f3 O-O 10. Be2 a6 11. N5c3 Be6 12. O-O Rc8 13. Nd5 Nd7 14. Qd2 Nd4 15. Nbc3 Nxe2+ 16. Qxe2 Bg5 17. Bf2 g6 18. Rfd1 f5 19. b4 Nf6 20. Nxf6+ Bxf6 21. c5 Rc6 22. Nd5 Bg5 23. a4 fxe4 24. Qxe4 Bf4 25. b5 axb5 26. axb5 Rc8 27. Nxf4 Rxf4 28. Qxb7 d5 29. c6 Rf7 30. Qa6 e4 31. fxe4 Qg5 32. exd5 Bh3 33. Bg3 Qe3+ 34. Kh1 Bxg2+ 35. Kxg2 Qf3+ 36. Kh3 Qh5+ 37. Kg2 Qf3+ 38. Kg1 Qe3+ 39. Kg2 Qf3+ 1/2-1/2


[Site "https://www.chess.com"]

[Event "Titled Tuesday Blitz June 1 2021"]
[White "Sukandar, Irine Kharisma"]
[Black "Nevednichy, Vladislav"]
[WhiteFideId "7101937"]
[BlackFideId "1205730"]
[WhiteElo "2313"]
[BlackElo "2366"]
[Result "0-1"]
[Round "07"]
[TimeControl "180+1"]
[Date "2021.06.01"]
[WhiteClock "0:00:59"]
[BlackClock "0:02:08"]

1. d4 Nf6 2. Bf4 g6 3. Nc3 d6 4. e4 c6 5. Qd2 h6 6. O-O-O Bg7 7. Bd3 b5 8. e5 b4 9. exf6 bxc3 10. Qxc3 Bxf6 11. Ne2 Qb6 12. Kb1 Na6 13. a3 Nc7 14. Be4 Bd7 15. Qd2 Rb8 16. c4 d5 17. Bxc7 Qxc7 18. cxd5 cxd5 19. Bxd5 Qd6 20. Be4 Qxa3 21. h4 Be6 22. Bc6+ Kf8 23. Nc1 Bf5+ 0-1


[Site "https://www.chess.com"]

[Event "Titled Tuesday Blitz June 1 2021"]
[White "Supi, Luis Paulo"]
[Black "Lazavik, Denis"]
[WhiteFideId "2106388"]
[BlackFideId "13515110"]
[WhiteElo "2369"]
[BlackElo "2436"]
[Result "1/2-1/2"]
[Round "07"]
[TimeControl "180+1"]
[Date "2021.06.01"]
[WhiteClock "0:00:08"]
[BlackClock "0:00:26"]

1. e4 e5 2. Nf3 Nc6 3. Bc4 Bc5 4. c3 Nf6 5. d3 d6 6. O-O h6 7. Re1 a6 8. a4 O-O 9. Nbd2 Be6 10. Bxe6 fxe6 11. b4 Ba7 12. Ra2 Nh5 13. Nc4 Qe8 14. b5 Ne7 15. b6 Bxb6 16. Nxb6 cxb6 17. d4 Nc6 18. Rb2 b5 19. axb5 axb5 20. Rxb5 exd4 21. cxd4 Ne5 22. Rb3 Nxf3+ 23. Rxf3 Qg6 24. Rxf8+ Rxf8 25. Qb3 Nf4 26. Bxf4 Rxf4 27. Qxb7 Qf6 28. Qb2 d5 29. exd5 exd5 30. Re8+ Kf7 31. Re5 Qc6 32. g3 Re4 33. Rxe4 dxe4 34. Qb3+ Kf6 35. Qe3 g5 36. Kg2 Qd5 37. h3 Kf5 38. g4+ Kf6 39. Kg3 Qd6+ 40. Kg2 Qd5 41. f3 exf3+ 42. Qxf3+ Ke6 43. Qxd5+ Kxd5 44. h4 Kxd4 45. hxg5 hxg5 46. Kg1 Ke3 47. Kh1 Kf3 48. Kg1 Kg3 49. Kh1 Kxg4 50. Kg2 Kf4 51. Kf2 g4 52. Kg2 g3 53. Kg1 Kg4 54. Kg2 Kf4 55. Kg1 Kf3 56. Kf1 g2+ 57. Kg1 Kg3 1/2-1/2


[Site "https://www.chess.com"]

[Event "Titled Tuesday Blitz June 1 2021"]
[White "Szente Varga, Fruzsina"]
[Black "Nygren, Kim"]
[WhiteFideId "712264"]
[BlackFideId "1706136"]
[WhiteElo "2106"]
[BlackElo "2257"]
[Result "1-0"]
[Round "07"]
[TimeControl "180+1"]
[Date "2021.06.01"]
[WhiteClock "0:00:19"]
[BlackClock "0:00:01"]

1. e4 c5 2. Nf3 d6 3. d4 cxd4 4. Qxd4 e5 5. Bb5+ Nc6 6. Qd3 Bd7 7. c4 Nb4 8. Qe2 Rc8 9. Nc3 Nf6 10. O-O Be7 11. h3 O-O 12. Be3 a6 13. Bxd7 Qxd7 14. a3 Nc6 15. b4 Rfd8 16. Rfd1 h6 17. Rac1 Bf8 18. b5 axb5 19. cxb5 Ne7 20. Nxe5 Qe6 21. Nf3 Nxe4 22. Nxe4 Qxe4 23. Rxc8 Rxc8 24. Rxd6 Nf5 25. Rd3 Rc1+ 26. Kh2 Bd6+ 27. Rxd6 Nxd6 28. Qd2 Rc8 29. Qxd6 Qc4 30. b6 Qb5 31. Qe7 Qc6 32. Ne5 Qd5 33. Nf3 Ra8 34. Qc7 Re8 35. a4 Qe6 36. a5 g5 37. Qxb7 Qd6+ 38. g3 Re6 39. Qc8+ 1-0


[Site "https://www.chess.com"]

[Event "Titled Tuesday Blitz June 1 2021"]
[White "Tanenbaum, Zachary"]
[Black "Sirosh, Ilja"]
[WhiteFideId "2060850"]
[BlackFideId "4500458"]
[WhiteElo "2165"]
[BlackElo "2241"]
[Result "0-1"]
[Round "07"]
[TimeControl "180+1"]
[Date "2021.06.01"]
[WhiteClock "0:00:04"]
[BlackClock "0:00:10"]

1. e4 e5 2. Nf3 Nc6 3. Bc4 Bc5 4. c3 Nf6 5. d3 O-O 6. Nbd2 d5 7. exd5 Nxd5 8. Ne4 Be7 9. O-O Kh8 10. Re1 f5 11. Neg5 h6 12. Nxe5 Nxe5 13. Rxe5 c6 14. Nf3 Bd6 15. Re1 Qf6 16. d4 b5 17. Bb3 a5 18. a4 b4 19. c4 Nf4 20. c5 Bc7 21. Ne5 Ng6 22. Qh5 Nxe5 23. dxe5 Bxe5 24. Rxe5 Qxe5 25. Bxh6 Qe8 26. Qg5 Ra7 27. Rd1 gxh6 28. Qxh6+ Rh7 29. Qf4 Qg6 30. g3 Qg7 31. Rd6 Qxb2 32. Bc4 Qc3 33. Kg2 Qg7 34. Rxc6 Bb7 35. Bd5 Bxc6 36. Bxc6 b3 37. Qc1 b2 38. Qb1 f4 39. Be4 fxg3 40. fxg3 Rh6 41. Qc2 Qf6 42. c6 Qf2+ 43. Qxf2 Rxf2+ 44. Kxf2 Rxc6 45. Ke2 Rc1 46. Kd2 b1=Q 47. Bxb1 Rxb1 48. Kc3 Rb4 49. h4 Rxa4 50. h5 Rg4 0-1


[Site "https://www.chess.com"]

[Event "Titled Tuesday Blitz June 1 2021"]
[White "TanitoluwaAps116"]
[Black "Cruz, Jonathan"]
[BlackFideId "3802124"]
[WhiteElo "2410"]
[BlackElo "2381"]
[Result "1-0"]
[Round "07"]
[TimeControl "180+1"]
[Date "2021.06.01"]
[WhiteClock "0:00:43"]
[BlackClock "0:00:03"]

1. d4 c6 2. Bf4 d5 3. e3 Nf6 4. Nf3 g6 5. h4 Bg7 6. h5 Nxh5 7. Rxh5 gxh5 8. Be2 Bg4 9. Nbd2 Nd7 10. Ng5 Bxe2 11. Qxe2 Nf6 12. Ndf3 h6 13. Nh3 Qa5+ 14. c3 Ne4 15. Nh4 O-O-O 16. Qxh5 Bf6 17. Nf5 Nxc3 18. Qxf7 Ne4+ 19. Kf1 Qb5+ 20. Kg1 Qxb2 21. Nxe7+ Bxe7 22. Qxe7 Qxa1+ 23. Kh2 Nd6 24. Bxd6 Rd7 25. Qe6 Qb1 26. Nf4 Qe4 27. Be5 Rf8 28. Ng6 Rxf2 29. Qe8+ 1-0


[Site "https://www.chess.com"]

[Event "Titled Tuesday Blitz June 1 2021"]
[White "Tejedor Fuente, Enrique"]
[Black "Demidov, Mikhail"]
[WhiteFideId "2299100"]
[BlackFideId "4197143"]
[WhiteElo "2535"]
[BlackElo "2583"]
[Result "0-1"]
[Round "07"]
[TimeControl "180+1"]
[Date "2021.06.01"]
[WhiteClock "0:00:01"]
[BlackClock "0:00:11"]

1. e4 Nf6 2. Nc3 d5 3. exd5 Nxd5 4. Nf3 g6 5. Bc4 c6 6. O-O Bg7 7. h3 O-O 8. d4 Nxc3 9. bxc3 c5 10. Bf4 Nc6 11. dxc5 Qa5 12. Rb1 Qxc3 13. Qd3 Qa5 14. Rb5 Qc3 15. Qxc3 Bxc3 16. Rd1 Kg7 17. Rd3 Bf6 18. Rd2 h6 19. Be3 e5 20. Bd5 Rd8 21. Kh2 Rd7 22. c3 Rc7 23. Rd1 Bf5 24. g4 Bc2 25. Rd2 Ba4 26. Rb1 Re8 27. Be4 Na5 28. Rb4 Bc6 29. Rd1 Bxe4 30. Rxe4 Nc6 31. Rd5 Ree7 32. Nd2 Red7 33. Rxd7 Rxd7 34. Ra4 Be7 35. Ne4 a6 36. Ng3 Rd5 37. Rc4 Bg5 38. Kg2 Bxe3 39. fxe3 Rd2+ 40. Kf3 Rxa2 41. Ne4 Rb2 42. Nd6 a5 43. Ra4 Kf6 44. Ne4+ Ke6 45. c4 f5 46. gxf5+ gxf5 47. Nd6 e4+ 48. Kg3 h5 49. Kh4 Rb3 50. Kxh5 Rxe3 51. h4 f4 52. Kg4 f3 53. Ra2 Re2 54. Ra1 f2 55. Rf1 e3 56. h5 Re1 57. Rxf2 exf2 0-1


[Site "https://www.chess.com"]

[Event "Titled Tuesday Blitz June 1 2021"]
[White "Terry, Renato"]
[Black "Bonte, Andrei-Mihai"]
[WhiteFideId "3803457"]
[BlackFideId "1210297"]
[WhiteElo "2581"]
[BlackElo "2200"]
[Result "1-0"]
[Round "07"]
[TimeControl "180+1"]
[Date "2021.06.01"]
[WhiteClock "0:01:13"]
[BlackClock "0:00:11"]

1. e4 e6 2. d4 d5 3. exd5 exd5 4. Nf3 Nf6 5. Bd3 Be7 6. O-O O-O 7. h3 h6 8. Re1 Re8 9. Bf4 Nc6 10. c3 Bd6 11. Ne5 Bxe5 12. dxe5 Ne4 13. Nd2 Bf5 14. Nxe4 dxe4 15. Bxe4 Bxe4 16. Rxe4 Qxd1+ 17. Rxd1 Rad8 18. Rde1 Rd5 19. e6 fxe6 20. Rxe6 Rxe6 21. Rxe6 Kf7 22. Re2 Rd7 23. g4 Nd8 24. Be3 Ne6 25. f4 g6 26. Kf2 b6 27. Kf3 Rd5 28. Rd2 c6 29. c4 Rxd2 30. Bxd2 Nc5 31. Be3 Nd3 32. Bd4 c5 33. Bc3 Nc1 34. a3 Nb3 35. Ke4 Ke6 36. f5+ gxf5+ 37. gxf5+ Kd7 38. Kd5 Nc1 39. Bg7 h5 40. f6 Nd3 41. f7 Nf4+ 42. Ke5 Ng6+ 43. Kf6 1-0


[Site "https://www.chess.com"]

[Event "Titled Tuesday Blitz June 1 2021"]
[White "Thejkumar, M. S."]
[Black "Pert, Richard G"]
[WhiteFideId "5009154"]
[BlackFideId "404748"]
[WhiteElo "2312"]
[BlackElo "2441"]
[Result "1-0"]
[Round "07"]
[TimeControl "180+1"]
[Date "2021.06.01"]
[WhiteClock "0:00:34"]
[BlackClock "0:00:15"]

1. d4 d5 2. c4 e6 3. Nf3 Nf6 4. Nc3 Bb4 5. Bg5 dxc4 6. e3 b5 7. a4 c6 8. Be2 Bb7 9. O-O a6 10. Ne4 Nbd7 11. Qc2 Be7 12. Bxf6 Nxf6 13. Nc5 Bxc5 14. dxc5 Qe7 15. axb5 cxb5 16. b4 cxb3 17. Qxb3 Qxc5 18. Rfc1 Qb6 19. Bxb5+ axb5 20. Rxa8+ Bxa8 21. Rc8+ Kd7 22. Rxh8 Bxf3 23. gxf3 Qc5 24. Rb8 Nd5 25. Rxb5 Qc1+ 26. Kg2 Qd2 27. Rb7+ Kd6 28. Qa3+ Ke5 29. Rxf7 g5 30. Qa1+ Kd6 31. Qa3+ Ke5 32. Rxh7 g4 33. f4+ Kf6 34. Qf8+ Kg6 35. Rh6# 1-0


[Site "https://www.chess.com"]

[Event "Titled Tuesday Blitz June 1 2021"]
[White "Timmermans, Mark"]
[Black "Le, Tuan Minh"]
[WhiteFideId "1026399"]
[BlackFideId "12401153"]
[WhiteElo "2460"]
[BlackElo "2450"]
[Result "1/2-1/2"]
[Round "07"]
[TimeControl "180+1"]
[Date "2021.06.01"]
[WhiteClock "0:00:46"]
[BlackClock "0:00:04"]

1. b4 d5 2. Bb2 Bg4 3. Nf3 Nd7 4. b5 Ngf6 5. a4 e6 6. e3 Bd6 7. Be2 O-O 8. d4 c5 9. dxc5 Nxc5 10. O-O Rc8 11. Nbd2 Nce4 12. c4 Bxf3 13. Bxf3 Nxd2 14. Qxd2 Rxc4 15. Rfc1 Rxc1+ 16. Rxc1 Nd7 17. e4 dxe4 18. Qxd6 exf3 19. gxf3 Nb6 20. Qg3 f6 21. a5 Nd5 22. a6 bxa6 23. bxa6 Qb6 24. Ba3 Re8 25. Qd6 Qxd6 26. Bxd6 Rd8 27. Rc6 Kf7 28. Kf1 Rd7 29. f4 Kg6 30. Ke2 Kf5 31. Kf3 h5 32. h4 Kg6 33. Bc5 Kf7 34. Bd6 g6 35. Ke4 f5+ 36. Ke5 Nb4 37. Rc7 Rxc7 38. Bxc7 Nxa6 39. Bd6 Ke8 40. Kxe6 Kd8 41. f3 Nc7+ 42. Kf7 Kd7 43. Be5 Nd5 44. Kxg6 Ke6 45. Kxh5 Kf7 46. Kg5 Ne7 47. h5 a5 48. h6 Kg8 49. Kf6 Nc6 50. Ba1 Kh7 51. Kxf5 Kxh6 52. Ke6 Kh7 53. f5 Kg8 54. f6 Kf8 55. Bb2 Nd8+ 56. Kf5 Kf7 57. Ke5 Nc6+ 58. Kd5 Nb4+ 59. Kc4 Nc2 60. Kb5 Ne1 61. f4 Nd3 62. Be5 Nxf4 63. Bxf4 Kxf6 64. Kxa5 1/2-1/2


[Site "https://www.chess.com"]

[Event "Titled Tuesday Blitz June 1 2021"]
[White "Timofeev, Artyom"]
[Black "Boyer, Mahel"]
[WhiteFideId "4140419"]
[BlackFideId "45102422"]
[WhiteElo "2808"]
[BlackElo "2594"]
[Result "1/2-1/2"]
[Round "07"]
[TimeControl "180+1"]
[Date "2021.06.01"]
[WhiteClock "0:00:23"]
[BlackClock "0:00:12"]

1. c4 Nf6 2. Nc3 e5 3. e3 g6 4. Nf3 d6 5. d4 Nbd7 6. g3 Bg7 7. Bg2 O-O 8. O-O exd4 9. Nxd4 h5 10. h3 c6 11. b3 Re8 12. Bb2 Nc5 13. b4 Nce4 14. Nxe4 Nxe4 15. Qc2 Ng5 16. Kh2 a5 17. b5 c5 18. Ne2 Bf5 19. Qc1 Bd3 20. Re1 Bxb2 21. Qxb2 Bxc4 22. Bxb7 Rb8 23. Bc6 d5 24. Ng1 Re6 25. Qc2 Qf6 26. Rab1 Ne4 27. Kg2 Nc3 28. Rb2 Nxb5 29. Bxb5 Rxb5 30. Rxb5 Bxb5 31. Qxc5 Bc6 32. Qxa5 d4+ 33. e4 Bxe4+ 34. f3 Bd5 35. Rxe6 Qxe6 36. Qd2 Bxa2 37. Qxd4 Bd5 38. Qd2 Bc4 1/2-1/2


[Site "https://www.chess.com"]

[Event "Titled Tuesday Blitz June 1 2021"]
[White "Urazayev, Arystanbek"]
[Black "Grigorov, Grigor"]
[WhiteFideId "13709810"]
[BlackFideId "2907313"]
[WhiteElo "2321"]
[BlackElo "2510"]
[Result "1-0"]
[Round "07"]
[TimeControl "180+1"]
[Date "2021.06.01"]
[WhiteClock "0:00:18"]
[BlackClock "0:00:06"]

1. d4 Nf6 2. c4 e6 3. Nc3 Bb4 4. g3 c5 5. Nf3 cxd4 6. Nxd4 Ne4 7. Qc2 Nxc3 8. bxc3 Be7 9. Bg2 a6 10. O-O d6 11. Rb1 Qc7 12. h4 Nd7 13. h5 h6 14. Rd1 Ne5 15. Qa4+ Bd7 16. Qb3 Rb8 17. Qb6 Qxc4 18. Ba3 O-O 19. Bxd6 Bxd6 20. Qxd6 f6 21. f4 Ba4 22. Rb4 Qxa2 23. Nxe6 Nf7 24. Qd2 Qxe6 25. Rxa4 Rfd8 26. Bd5 Qe7 27. e4 Kh8 28. Kg2 Nd6 29. Rd4 Nb5 30. Rd3 Rbc8 31. c4 Nd6 32. Rd4 b5 33. cxb5 Nxb5 34. Rd3 Nd6 35. Re1 Nb5 36. e5 Nc7 37. Be4 Rxd3 38. Bxd3 Rd8 39. Qe2 fxe5 40. Qe4 Rxd3 41. Qxd3 Ne6 42. Rxe5 Qb7+ 43. Qe4 Qb2+ 44. Qe2 Qxe2+ 45. Rxe2 Nd4 46. Re8+ Kh7 47. Ra8 Nf5 48. Rxa6 Ne3+ 49. Kf3 Nd5 50. g4 Nb4 51. Rd6 1-0


[Site "https://www.chess.com"]

[Event "Titled Tuesday Blitz June 1 2021"]
[White "Vazquez, Guillermo"]
[Black "Solon, Nathan"]
[WhiteFideId "3702308"]
[BlackFideId "2017229"]
[WhiteElo "2861"]
[BlackElo "2611"]
[Result "1/2-1/2"]
[Round "07"]
[TimeControl "180+1"]
[Date "2021.06.01"]
[WhiteClock "0:00:15"]
[BlackClock "0:00:15"]

1. d4 d5 2. Bf4 c5 3. e3 Nc6 4. c3 Bf5 5. Nd2 e6 6. h4 h6 7. g4 Bh7 8. Bg2 Qb6 9. Qc1 cxd4 10. exd4 Rc8 11. Nb3 Nb4 12. Kf1 Nf6 13. Qd1 Nd3 14. Bc1 Qa6 15. Qe2 Nxc1 16. Nxc1 Nxg4 17. Qxa6 bxa6 18. Nge2 Rb8 19. b4 Be7 20. Nb3 O-O 21. Ke1 Rfc8 22. Rc1 Nf6 23. a3 Ne4 24. Nc5 a5 25. Bxe4 Bxe4 26. Rh3 axb4 27. cxb4 a5 28. Rhc3 axb4 29. axb4 Bf5 30. Ng3 Rxb4 31. Nxf5 exf5 32. Nd7 Rxc3 33. Rxc3 Rxd4 34. Rc8+ Kh7 35. Re8 Bb4+ 36. Kf1 Rxh4 37. Re5 g6 38. Rxd5 Kg7 39. Rb5 Be7 40. Rb7 Bf6 41. Nc5 g5 42. Ne6+ Kg6 43. Nf8+ Kg7 44. Ne6+ Kg8 45. Rb8+ Kh7 46. Rb7 Kg6 47. Nf8+ Kg7 48. Ne6+ 1/2-1/2


[Site "https://www.chess.com"]

[Event "Titled Tuesday Blitz June 1 2021"]
[White "Vetokhin, Savva"]
[Black "NovakCabarkapa"]
[WhiteFideId "44144474"]
[WhiteElo "2599"]
[BlackElo "2788"]
[Result "0-1"]
[Round "07"]
[TimeControl "180+1"]
[Date "2021.06.01"]
[WhiteClock "0:00:08"]
[BlackClock "0:00:15"]

1. d4 h5 2. c4 h4 3. h3 a5 4. Nc3 a4 5. Nxa4 e5 6. dxe5 Nc6 7. Nf3 Qe7 8. Nc3 Nxe5 9. Nxe5 Qxe5 10. e3 Bb4 11. Qc2 Nf6 12. Bd2 b6 13. Bd3 Bb7 14. O-O g5 15. f4 gxf4 16. exf4 Qd4+ 17. Kh2 Rg8 18. Rae1+ Kd8 19. Re2 Nh5 20. Nb5 Qg7 21. Bxb4 Ng3 22. Rff2 Nxe2 23. Rxe2 Qg3+ 24. Kg1 Rxa2 25. Rf2 Qe3 26. Bf1 Ra1 27. Kh1 Qxh3+ 28. Kg1 Qe3 29. Kh2 Rxf1 30. Rxf1 Qg3+ 31. Kg1 Qxg2+ 32. Qxg2 Rxg2+ 33. Kh1 Rxb2+ 34. Kg1 Rg2+ 35. Kh1 h3 36. Nd4 Rf2+ 37. Kg1 Rxf1+ 38. Kh2 Rxf4 39. Ne2 Rf2+ 0-1


[Site "https://www.chess.com"]